 Dungeon Crawl Stone Soup version 0.22.1-1-ga44c0e5 (webtiles) character file.

21 Irenicus the Magician (level 2, -5/22 HPs)
             Began as a Deep Dwarf Wizard on Sept 28, 2018.
             Slain by Crazy Yiuf
             ... wielding a +3 quarterstaff of chaos
              (9 damage)
             ... on level 1 of the Dungeon.
             The game lasted 00:04:19 (434 turns).

Irenicus the Magician (Deep Dwarf Wizard)            Turns: 434, Time: 00:04:20

Health: -5/22      AC:  2    Str: 10    XL:     2   Next: 62%
Magic:  1/6        EV:  6    Int: 18    God:
Gold:   18         SH:  0    Dex: 11    Spells: 2/7 levels left

rFire    . . .     SeeInvis .   e - +0 short sword
rCold    . . .     Gourm    .   (no shield)
rNeg     . . .     Faith    .   a - +0 robe
rPois    .         Spirit   .   b - +0 hat
rElec    .         Reflect  .   (no cloak)
rCorr    .         Harm     .   (no gloves)
MR       .....                  (no boots)
Stlth    ++........             (no amulet)
HPRegen  0.00/turn              (no ring)
MPRegen  0.10/turn              (no ring)

@: lethally poisoned (-5 -> -5), petrifying, non-regenerating, hasted, quick
A: damage resistance, heal wounds, sense surroundings 1, no regeneration
a: Heal Wounds


You were on level 1 of the Dungeon.
You were not hungry.

You visited 1 branch of the dungeon, and saw 2 of its levels.

You collected 18 gold pieces.

Inventory:

Hand Weapons
 e - a +0 short sword (weapon)
Armour
 a - a +0 robe (worn)
 b - a +0 hat (worn)
 c - a +0 pair of gloves
Jewellery
 i - an uncursed amulet of magic regeneration {unknown}
Scrolls
 g - a scroll of teleportation {unknown}
 h - a scroll of blinking {unknown}
Potions
 f - a potion of haste
Comestibles
 d - 3 rations


   Skills:
 - Level 2.1 Dodging
 - Level 2.4 Stealth
 + Level 3.1 Spellcasting
 + Level 1.8 Conjurations
 - Level 0.8 Summonings
 - Level 1.1 Translocations


You had 2 spell levels left.
You knew the following spells:

 Your Spells              Type           Power        Failure   Level  Hunger
a - Magic Dart            Conj           #...         8%          1    None
b - Blink                 Tloc           N/A          16%         2    ##.....
c - Call Imp              Summ           #.......     17%         2    ##.....

Your spell library contained the following spells:

 Spells                   Type           Power        Failure   Level  Hunger
 Slow                     Hex            #.......     24%         2    ##.....
 Conjure Flame            Conj/Fire      #.......     32%         3    ###....
 Mephitic Cloud           Conj/Pois/Air  #.......     36%         3    ###....


Dungeon Overview and Level Annotations

Branches:
Dungeon (2/15)

Altars:

Annotations:
D:1 Crazy Yiuf


Innate Abilities, Weirdness & Mutations

You are resistant to damage.
You can heal yourself by infusing magical energy.
You passively map a small area around you.
You do not regenerate.


Message History

A beastly little devil appears in a puff of flame.
Crazy Yiuf cries, "Dawk return to song testudinal!"
Crazy Yiuf barely misses you.
Your shadow imp hits Crazy Yiuf.
Your shadow imp disappears in a puff of smoke!
Your crimson imp closely misses Crazy Yiuf.
You barely miss Crazy Yiuf.
Crazy Yiuf is moderately wounded.
Crazy Yiuf closely misses you.
Your crimson imp barely misses Crazy Yiuf.
Your crimson imp hits Crazy Yiuf.
Crazy Yiuf says, "Fire!"
You hit Crazy Yiuf.
Crazy Yiuf is heavily wounded.
Crazy Yiuf hits you with a quarterstaff of chaos!
* * * LOW HITPOINT WARNING * * *
You are slowing down.
It was a potion of haste.
You feel yourself speed up.
Crazy Yiuf says, "Mountain!"
Crazy Yiuf hits you with a quarterstaff of chaos!
You die...

# #.# #.#.######.#
######.####### #.#.#
#.# #. ............>#
#.#.# #.# #.
######.#####.# #.#.#
#.# # #.# #.# #.#.#
#.# # #.# #.# #.#.#
.# # #.# #.# #.#.#
### # #.#
#.######.#.#####*
%... # #.#
#..5g@.......... ....
# #.#
#..#####.####.##
*#... ######.##
#........# * ....
..........##.5.######
, ##..#
######..........# *
..... #
####.....#.#### *
#... ###........# ,
#... ##...###.# **
,#... ##### ,# *
,###.


You could see Crazy Yiuf and a friendly crimson imp.

Vanquished Creatures
  An ooze (D:1)
  A dart slug (D:1)
  A leopard gecko (D:1)
  A ball python (D:1)
  3 bats (D:1)
  2 giant cockroaches (D:1)
  2 frilled lizards (D:1)
  A kobold (D:1)
  A rat (D:1)
13 creatures vanquished.

Notes
Turn   | Place    | Note
-------+----------+-------------------------------------------
     0 | D:1      | Irenicus the Deep Dwarf Wizard began the quest for the Orb.
     0 | D:1      | Reached XP level 1. HP: 15/15 MP: 4/4
    26 | D:1      | Reached skill level 1 in Conjurations
   114 | D:1      | Reached XP level 2. HP: 22/22 MP: 0/5
   118 | D:1      | Reached skill level 3 in Spellcasting
   122 | D:1      | Learned a level 2 spell: Blink
   369 | D:2      | Found a runed door.
   374 | D:2      | Learned a level 2 spell: Call Imp
   377 | D:2      | Noticed Crazy Yiuf
   434 | D:1      | Slain by Crazy Yiuf

Skill      XL: |  1  2 |
---------------+-------+-----
Conjurations   | 1 |  1.8
Spellcasting   | 3 |  3.1
Dodging        | |  2.1
Stealth        | |  2.4
Summonings     | |  0.8
Translocations | |  1.1

Action                   || total
-------------------------++-------
Melee: Short sword       ||    22
 Cast: Magic Dart        ||    23
       Call Imp          ||     4
  Use: Potion            ||     1
 Stab: Sleeping          ||     4
Armor: Robe              ||    10
Dodge: Dodged            ||    24
